 Dungeon Crawl Stone Soup version 0.29-a0-330-g52719c12eb (webtiles) character file.

Game seed: 6294452710435309456

2704 kae the Firebug (level 9, -2/48 (59) HPs)
             Began as an Octopode Fire Elementalist on Apr 16, 2022.
             Was an Initiate of Ashenzari.
             Slain by a wight
             ... wielding a +2 halberd
              (3 damage)
             ... on level 7 of the Dungeon.
             The game lasted 00:07:25 (8996 turns).

kae the Firebug (Octopode Fire Elementalist)        Turns: 8996, Time: 00:07:26

HP:   -2/48 (59)    AC:  3    Str:  7    XL:     9   Next: 65%
MP:   12/16         EV: 15    Int: 22    God:    Ashenzari [......]
Gold: 355           SH:  0    Dex: 18    Spells: 4/17 levels left

rFire   . . .      SeeInvis +   h - +3 short sword (speed)
rCold   . . .      Faith    .   (no shield)
rNeg    . . .      Spirit   .   e - +2 hat
rPois   .          Reflect  .   (no amulet)
rElec   .          Harm     .   o - +6 ring of dexterity
rCorr   .          Rampage  .   r - ring of see invisible
Will    .....                   (no ring)
Stlth   +++++.....              (no ring)
HPRegen 0.16/turn               (no ring)
MPRegen 0.15/turn               (no ring)
                                (no ring)
                                (no ring)

@: about to teleport, heavily drained
A: almost no armour, amphibious, 8 rings, camouflage 1, gelatinous body 1,
(nimble swimmer 1), tentacles
a: Renounce Religion


You were on level 7 of the Dungeon.
You worshipped Ashenzari.
Ashenzari was noncommittal.
You visited 2 branches of the dungeon, and saw 9 of its levels.

You collected 391 gold pieces.
You spent 36 gold pieces at shops.

Inventory:

Hand Weapons
 d - a +0 mace
 h - a +3 short sword of speed (weapon)
Armour
 e - a +2 hat (worn)
 g - a +0 buckler
Jewellery
 o - a +6 ring of dexterity (left tentacle)
 r - a ring of see invisible (right tentacle)
 u - a +6 ring of intelligence
Wands
 j - a wand of iceblast (15)
Scrolls
 a - 2 scrolls of teleportation
 k - a scroll of enchant weapon
 n - 4 scrolls of immolation
 v - a scroll of fear
Potions
 b - 2 potions of mutation
 c - 3 potions of degeneration
 f - a potion of heal wounds
 i - 3 potions of curing
 l - a potion of invisibility {unknown}
 p - a potion of cancellation {unknown}
 q - a potion of attraction {unknown}
 s - a potion of ambrosia {unknown}
 t - a potion of brilliance {unknown}


   Skills:
 + Level 4.3 Fighting
 + Level 5.0 Dodging
 + Level 7.3 Stealth
 + Level 2.5 Shields
 + Level 4.6 Spellcasting
 + Level 4.6 Conjurations
 * Level 7.5 Fire Magic


You had 4 spell levels left.
You knew the following spells:

 Your Spells              Type           Power      Damage    Failure   Level
a - Foxfire               Conj/Fire      100%       2x1d9     1%          1
b - Scorch                Fire           76%        2d8       1%          2
c - Conjure Flame         Conj/Fire      32%        6-21      2%          3
d - Inner Flame           Hex/Fire       21%        N/A       7%          3
e - Flame Wave            Conj/Fire      32%        2d8       9%          4

Your spell library contained the following spells:

 Spells                   Type           Power      Damage    Failure   Level
 Gell's Gravitas          Tloc           5%         N/A       30%         3
 Lesser Beckoning         Tloc           5%         N/A       30%         3
 Teleport Other           Tloc           5%         N/A       30%         3
 Tukima's Dance           Hex            5%         N/A       30%         3
 Passage of Golubria      Tloc           5%         N/A       71%         4
 Yara's Violent Unravell  Hex/Tmut       2%         3d3       96%         5


Dungeon Overview and Level Annotations

Branches:
Dungeon (8/15)             Temple (1/1) D:6
   Lair: D:8-11

Altars:
Ashenzari
Cheibriados
Dithmenos
Elyvilon
Fedhas
Gozag
Hepliaklqana
Makhleb
Nemelex Xobeh
Okawaru
Qazlal
Ru
Sif Muna
Trog
Uskayaw
Vehumet
Wu Jian
Xom
Yredelemnul
Zin
The Shining One

Shops:
D:2 !   D:4 :

Annotations:
D:3 Grinder


Innate Abilities, Weirdness & Mutations

You cannot wear most types of armour.
You are amphibious.
You can wear up to eight rings at the same time.
Your skin changes colour to match your surroundings (Stealth+).
Your rubbery body absorbs attacks. (AC +1, EV +1)
((You are camouflaged when in or above water. (Stealth+)))
You have tentacles for arms and can constrict up to eight enemies at once.


Message History

Casting: Foxfire (safe; 1% risk of failure)
Confirm with . or Enter, or press ? or * to list all spells.
You conjure some foxfire!
The foxfire hits the wight but does no damage. x2
Casting: Foxfire (safe; 1% risk of failure)
Confirm with . or Enter, or press ? or * to list all spells.
You conjure some foxfire!
A wight comes into view. It is wielding a +2 dire flail.
A wight comes into view. It is wielding a +0 great sword.
The foxfire hits the wight but does no damage. x2
Casting: Foxfire (safe; 1% risk of failure)
Confirm with . or Enter, or press ? or * to list all spells.
You conjure some foxfire!
The foxfire hits the wight but does no damage.
The foxfire hits the wight.
The wight is lightly damaged.
The wight completely misses you.
You climb upwards.
The wight hits you with a +2 dagger!
You feel drained. The wight hits you with a +2 dagger!
You feel drained.
There is a stone staircase leading down here.
The wight misses you.
You hit the wight but do no damage. Your grab misses the wight.
You squeeze the wight, but do no damage.
You can't see any enemies this would affect, really read the scroll of fear? [Y]es or [N]o only, please.
You can't see any enemies this would affect, really read the scroll of fear?
Okay, then.
Unknown command.
As you read the scroll of teleportation, it crumbles to dust.
You feel strangely unstable.
The wight hits you with a +2 flail of protection.
The wight completely misses you. The wight hits you with a +2 dagger!
You feel drained.
* * * LOW HITPOINT WARNING * * *
The wight hits you with a +2 flail of protection.
* * * LOW HITPOINT WARNING * * *
You feel drained. The wight hits you with a +2 halberd!
* * * LOW HITPOINT WARNING * * *
You feel drained.
You die...

#.###.#.###.#.....
#.# #.#.<.........
#.###.#####.#.....
#........##.#.....
#.######.##.##...#
###### #.# .........
##....# #.# #.##....
#.###.# #z# #.......
##.###)######@######.
..##..#.
#...........z.z......
#.##.
##.###.#############.
#####.#### #...)...#
#.......#
#..)....####
#...........
#...)...####


You could see 3 wights.

Vanquished Creatures
  A two-headed ogre (D:7)
  A sky beast (D:6)
  A black bear (D:5)
  2 ice beasts (D:7)
  A centaur (D:5)
  2 ogres
  2 phantoms
  A kobold brigand (D:6)
  A bullfrog (D:6)
  2 scorpions (D:5)
  6 wights
  5 killer bees (D:4)
  3 howler monkeys
  2 hounds (D:5)
  An orc priest (D:6)
  3 iguanas
  Crazy Yiuf (D:4)
  Jessica (D:3)
  Ijyb (D:4)
  3 orc wizards
  7 adders
  A white imp (D:6)
  4 worms
  11 orcs
  3 ball pythons
  6 bats
  4 endoplasms
  4 giant cockroaches
  4 goblins
  10 hobgoblins
  5 jackals
  10 kobolds
  5 quokkas
  3 frilled lizards (D:1)
  6 rats
123 creatures vanquished.

Vanquished Creatures (collateral kills)
  A foxfire (D:1)
1 creature vanquished.

Vanquished Creatures (others)
  418 foxfires
  14 plants (D:1)
432 creatures vanquished.

Grand Total: 556 creatures vanquished

Notes
Turn   | Place    | Note
-------+----------+-------------------------------------------
     0 | D:1      | kae the Octopode Fire Elementalist began the quest for the
                  | Orb.
     0 | D:1      | Reached XP level 1. HP: 11/11 MP: 3/3
    53 | D:1      | Found a faded altar of an unknown god.
   317 | D:1      | Reached XP level 2. HP: 17/17 MP: 0/5
  1060 | D:2      | Learned a level 2 spell: Scorch
  1100 | D:2      | Found Tewo's Distillery.
  1113 | D:2      | Bought a potion of curing for 36 gold pieces
  1228 | D:2      | Reached XP level 3. HP: 22/22 MP: 4/6
  1288 | D:2      | Reached skill level 1 in Fighting
  1405 | D:2      | Reached XP level 4. HP: 25/28 MP: 4/7
  1871 | D:2      | Reached XP level 5. HP: 33/33 MP: 3/8
  2524 | D:3      | Noticed a phantom
  2536 | D:3      | Killed a phantom
  2606 | D:3      | Noticed Grinder
  2814 | D:3      | Reached XP level 6. HP: 38/38 MP: 7/10
  2850 | D:3      | Noticed Jessica
  2855 | D:3      | Killed Jessica
  3143 | D:3      | You fall into a shaft and drop 2 floors!
  3143 | D:5      | Entered Level 5 of the Dungeon
  3383 | D:4      | Found Paufynad's Book Boutique.
  3451 | D:4      | Learned a level 3 spell: Conjure Flame
  3455 | D:4      | Learned a level 3 spell: Inner Flame
  4007 | D:4      | Reached skill level 5 in Fire Magic
  4007 | D:4      | Reached XP level 7. HP: 23/45 MP: 6/11
  4253 | D:4      | Noticed Ijyb
  4264 | D:4      | HP: 1/45 [Ijyb/iceblast (13)]
  4266 | D:4      | Killed Ijyb
  5257 | D:4      | Found a runed translucent door.
  5258 | D:4      | Noticed Crazy Yiuf
  5286 | D:4      | Killed Crazy Yiuf
  5394 | D:5      | Reached skill level 5 in Stealth
  5857 | D:5      | Reached XP level 8. HP: 46/51 MP: 6/13
  5862 | D:5      | Learned a level 4 spell: Flame Wave
  6675 | D:6      | Found a staircase to the Ecumenical Temple.
  6749 | Temple   | Entered the Ecumenical Temple
  6951 | Temple   | Became a worshipper of Ashenzari the Shackled
  8165 | D:7      | Reached skill level 1 in Shields
  8262 | D:7      | Reached XP level 9. HP: 46/58 MP: 10/15
  8382 | D:7      | Noticed a two-headed ogre
  8402 | D:7      | Killed a two-headed ogre
  8981 | D:8      | Reached skill level 5 in Dodging
  8996 | D:7      | HP: 1/50 [wight/+2 halberd (12)]
  8996 | D:7      | Slain by a wight

Illustrated notes

Levels and vault maps discovered:
D:1:      minmay_arrival_jagged, layout_basic, chequers_ecumenical_altar_simple,
          grunt_decor_fettered, lexackson_kobold_supper
D:2:      layout_loops_ring, serial_shops, shop
D:3:      layout_loops_ring, minmay_misc_feat_encased, minmay_ruptured,
          uniq_jessica, uniq_grinder
D:4:      cheibrodos_greedy_goblins, layout_rooms, serial_shops, shop,
          uniq_ijyb, uniq_crazy_yiuf_cottage
D:5:      minmay_angry_zag, layout_loops_cross
D:6:      layout_basic, minmay_temple_entry_ruins
D:7:      layout_loops_ring, kennysheep_diamond
D:8:      layout_basic, mainiacjoe_overflow_alcove_4, kennysheep_another_room,
          grunt_ministairs_6, david_defended_altar_orc
Temple:   kilobyte_greek_temple

Skill      XL: |  1  2  3  4  5  6  7  8  9 |
---------------+----------------------------+-----
Stealth        | 3 4 5 6 7 |  7.3
Fighting       | 1 2 3 4 |  4.3
Fire Magic     | 4 5 6 7 |  7.5
Conjurations   | 2 3 4 |  4.6
Dodging        | 3 4 5 |  5.0
Spellcasting   | 3 4 |  4.6
Shields        | 1 2 |  2.5

Action                   |  1- 3 |  4- 6 |  7- 9 || total
-------------------------+-------+-------+-------++-------
Melee: Short sword       |     6 |     5 |    21 ||    32
       Constrict         |       |     1 |     3 ||     4
       Tentacles         |       |       |     8 ||     8
       Punch             |       |       |     1 ||     1
 Cast: Foxfire           |    46 |    80 |   124 ||   250
       Scorch            |     1 |    15 |    31 ||    47
       Conjure Flame     |       |     3 |    11 ||    14
       Inner Flame       |       |     1 |       ||     1
Evoke: Wand              |       |       |     1 ||     1
  Use: Scroll            |     2 |     1 |     8 ||    11
       Potion            |       |     1 |     5 ||     6
 Stab: Sleeping          |       |       |     2 ||     2
Armor: Skin              |     3 |     3 |     6 ||    12
Dodge: Dodged            |     5 |    16 |    53 ||    74

Table legend: (Time is in decaauts)
 A = Elapsed time spent in this place.
 B = Non-inter-level travel time spent in this place.
 C = Inter-level travel time spent in this place.
 D = Time resting spent in this place.
 E = Time spent auto-exploring this place.
 F = Levels seen in this place.
 G = Mean time per level.
                   A        B        C        D        E       F      G
               +--------+--------+--------+--------+--------+-----+--------+
         Total |   8989 |   8546 |    443 |   2146 |   5195 |   9 |  998.8 |
       Dungeon |   8753 |   8372 |    381 |   2146 |   5026 |   8 | 1094.1 |
        Temple |    236 |    175 |     61 |      0 |    169 |   1 |  236.0 |
               +--------+--------+--------+--------+--------+-----+--------+

Top non-repeatable levels by time:
     D:4: 1787 daAuts
     D:6: 1512 daAuts
     D:5: 1191 daAuts
     D:1: 1165 daAuts
     D:3: 1159 daAuts
     D:2: 1055 daAuts
     D:7: 746 daAuts
  Temple: 236 daAuts
     D:8: 135 daAuts
